[Event "*** Titled Tuesday Blitz"]
[Site "Chess.com"]
[Date "2020.12.01"]
[Round "10"]
[White "Shota_Azaladze"]
[Black "kirillshevchenko"]
[Result "1/2-1/2"]
[WhiteElo "2675"]
[BlackElo "2861"]
[TimeControl "180+1"]
[EndTime "11:56:37 PST"]
[Termination "Game drawn by repetition"]

1. Nf3 Nf6 2. g3 g6 3. b3 Bg7 4.
Bb2 c5 5. c4 d5 6. cxd5 Qxd5 7. Bg2 O-O 8. O-O Qh5 9. d3 Nc6 10. Nbd2 Bh3 11. Rc1 b6 12. a3 Rac8 13. Nh4 Bxg2 14. Kxg2 Rfd8 15. Nhf3 e5 16. Qc2 Nd4 17.
Bxd4 exd4 18. b4 Re8 19. Rfe1 Nd5 20. Qa4 Nc3 21. Qxa7 cxb4 22. axb4 Qb5 23. Nc4 Re6 24. Qb7 Rce8 25. Ra1 Qxb4 26. Ra7 R6e7 27. Qc6 b5 28. Nd6 Rxa7 29. Qxe8+ Bf8 30. Ne4 Re7 31. Qc6 Nxe4 32.
dxe4 Qc3 33. Qxb5 Rxe4 34. Rd1 h6 35. Kf1 Bg7 36. Qd3 Qc6 37. h4 Re8 38. Rb1 Qc3 39. Rd1 Qc6 40. Kg1 Qe6 41. Rd2 Qg4 42.
Nxd4 Rd8 43. e3 Ra8 44. Rd1 Ra2 45. Kg2 h5 46. Nf3 Qb4 47. Rd2 Ra3 48. Qd8+ Qf8 49.
Ng5 Ra8 50. Qxf8+ Rxf8 51. Rd7 Bf6 52. Ne4 Kg7 53. f4 Re8 54. Kf3 Be7 55. Nf2 Bf8 56.
Nd3 Be7 57. Ne5 Kf8 58. e4 Rc8 59. Nd3 Rc3 60. e5 Rc2 61. Rd5 Ra2 62. f5 gxf5 63.
Kf4 Ra4+ 64. Kxf5 Rg4 65. Nf4 Rxg3 66. Nxh5 Rh3 67. Nf6 Rxh4 68. Rb5 Bxf6 69. Kxf6 Rh6+ 70. Kg5 Re6 71. Kf5 Kg7 72. Rd5 Rg6 73. Rd6 Rg1 74. Rd7 Rf1+ 75. Kg5 Rg1+ 76. Kf5 Rf1+ 77. Kg5 Rg1+ 78.
Kf5 1/2-1/2

[Event "*** Titled Tuesday Blitz"]
[Site "Chess.com"]
[Date "2020.12.01"]
[Round "10"]
[White "tteshan"]
[Black "Michaelson_11"]
[Result "0-1"]
[WhiteElo "2349"]
[BlackElo "2189"]
[TimeControl "180+1"]
[EndTime "11:56:37 PST"]
[Termination "Michaelson_11 won by resignation"]

1. e4 c5 2. c3 Nf6 3. e5 Nd5 4. Bc4 Nb6 5. Bb3 Nc6 6. Nf3 c4 7. Bc2 d6 8. exd6 Qxd6 9. O-O Bg4 10. h3 Bh5 11. Re1 Qf6 12. Be4 O-O-O 13. a4 Ne5 14. a5 Nxf3+ 15. Bxf3 Bxf3 16. Qxf3 Qxf3 17. gxf3 Nd5 18.
Re4 Rd6 19. Rxc4+ Kd7 20. d4 Rg6+ 21. Kf1 e6 22. Na3 a6 23. Nc2 Bd6 24. Ne3 Nf4 25.
h4 Rh6 26. Ng2 g5 27. Bxf4 Bxf4 28. Rd1 Kd6 29. d5 e5 30. hxg5 Bxg5 31. Ke2 Rh2 32. Ne3 Bxe3 33. Kxe3 f5 34. Rb4 f4+ 35. Ke4 Rxf2 36.
Rxb7 Re2+ 37. Kf5 Rf8+ 38. Kg5 Rg2+ 39. Kh6 Rfg8 40. Rb6+ Kc5 41. Rh1 R8g6+ 42. Rxg6 hxg6 43. Rd1 Kd6 44. Kg7 Rxb2 45. Kf6 Rc2 46. Kxg6 Rxc3 47.
Kf5 Rxf3 48. Ke4 Re3+ 49. Kf5 Ra3 50. Rb1 Rxa5 51. Rb6+ Kxd5 52. Re6 Kd4 53. Rd6+ Rd5 54. Rxa6 f3 55. Ra3 e4+ 56. Kf4 Rd8 57. Kg3 Rf8 58. Kf2 e3+ 59. Rxe3 Rf7 60. Rxf3 Re7 61. Rf4+ Kd3 62.
Rf3+ Kc2 63. Re3 Rd7 64. Re2+ Kc1 65. Ke3 Re7+ 66. Kd3 Rd7+ 67. Ke3 Kd1 68. Kf2 Rf7+ 69. Kg2 Kxe2 70. Kh3 Kf3 0-1

[Event "*** Titled Tuesday Blitz"]
[Site "Chess.com"]
[Date "2020.12.01"]
[Round "10"]
[White "Alomaterapia"]
[Black "maheswaran26"]
[Result "1-0"]
[WhiteElo "2447"]
[BlackElo "2230"]
[TimeControl "180+1"]
[EndTime "11:56:39 PST"]
[Termination "Alomaterapia won on time"]

1. e4 c5 2. c3 Nf6 3. e5 Nd5 4. Nf3 d6 5. d4 cxd4 6. cxd4 e6 7. a3 Bd7 8. Bd3 Bc6 9. O-O Nd7 10.
Nbd2 Be7 11. Ne4 dxe5 12. dxe5 Nc5 13. Nxc5 Bxc5 14. b4 Be7 15. b5 Bd7 16. a4 O-O 17. Qc2 g6 18. Bh6 Re8 19. Be4 Rc8 20. Qb2 Nc3 21.
Bxb7 Rc4 22. Be3 Qc7 23. Qb3 Nxa4 24. Bc6 Rb4 25. Qc2 Rc8 26. Rxa4 Rxa4 27. Qxa4 Bxc6 28.
bxc6 Qxc6 29. Qxc6 Rxc6 30. Bxa7 g5 31. Be3 h6 32.
Rc1 Ra6 33. h4 g4 34. Nd2 Bxh4 35. Bxh6 Ra5 36. g3 Be7 37. Rc7 Bb4 38. Nc4 Ra2 39. Kg2 Be1 40. Be3 Rc2 41. Rc8+ Kg7 42. Nd6 Rxc8 43.
Nxc8 Kg6 44. Bd4 Bb4 45. Kf1 Kf5 46. Nd6+ Kg6 47. Ke2 f6 48. Ne4 fxe5 49. Bxe5 Kf5 50. Bd6 Ba5 51. Nd2 e5 52. Nc4 Bc3 53. Ne3+ Kg5 54.
Kd3 Be1 55. Ke2 Bc3 56. Be7+ Kh5 57. Bf6 Ba1 58. Bh8 Kg5 59. Nc2 Bc3 60. Kd3 Bb2 61. Ke4 Kg6 62. Bxe5 Bc1 63. Bf4 Bb2 64. Be3 Bc3 65. Kf4 Be1 66. Kxg4 Kf6 67. f4 Ke6 68. Nxe1 1-0

[Event "*** Titled Tuesday Blitz"]
[Site "Chess.com"]
[Date "2020.12.01"]
[Round "10"]
[White "AlexTriapishko"]
[Black "azikom"]
[Result "1-0"]
[WhiteElo "2807"]
[BlackElo "2648"]
[TimeControl "180+1"]
[EndTime "11:56:47 PST"]
[Termination "AlexTriapishko won on time"]

1. d4 d5 2. Bg5 c6 3. Nc3 Bf5 4. e3 Qb6 5. Rb1 h6 6. Bh4 e6 7. Nf3 Be7 8. Bg3 Nd7 9. Bd3 Bxd3 10. cxd3 Ngf6 11. O-O O-O 12. h3 c5 13. dxc5 Nxc5 14.
b4 Ncd7 15. Qb3 Rfc8 16. Rfc1 a6 17. a4 Qd8 18. a5 Nf8 19. Na4 N6d7 20. d4 Rxc1+ 21.
Rxc1 Rc8 22. Rxc8 Qxc8 23. Nc5 Qc6 24. Ne1 Qb5 25. Qc3 Nxc5 26. dxc5 Bf6 27. Qd2 Qc4 28. Nd3 Ng6 29. Bd6 Qb3 30. Qe2 Bc3 31. e4 d4 32. f4 Bxb4 33. f5 Nf8 34. Bxf8 Kxf8 35.
fxe6 fxe6 36. Qf3+ Ke7 37. e5 Bxa5 38. Qg3 Qb1+ 39.
Kh2 Kf7 40. Qf4+ Kg8 41. Qxd4 Qb5 42. Nf4 Qc6 43. Qc4 Bc7 44. Ng6 Qd7 45. h4 Qf7 46. h5 a5 47. Kg1 Kh7 48. Qb5 Bd8 49. Qd3 Qf5 50. Qxd8 Qxh5 51. Nf8+ Kg8 52. Nxe6+ Kh7 53.
Qd3+ Kg8 54. Qe4 Qd1+ 55. Kh2 a4 56. Nf4 Qg4 57. e6 Qh4+ 58. Kg1 Qe7 59. Ng6 Qxc5+ 60. Kh2 Qh5+ 61. Kg3 Qg5+ 62. Kf3 Qh5+ 63. Kf2 Qd1 64. e7 Qd2+ 65. Kf3 Qc3+ 66. Kg4 Qc8+ 67. Kh4 Qe8 68. Qe6+ Kh7 69. Nf8+ Kh8 70. Qd7 g5+ 71. Kg3 1-0

[Event "*** Titled Tuesday Blitz"]
[Site "Chess.com"]
[Date "2020.12.01"]
[Round "10"]
[White "SergeyShtyka"]
[Black "Vuk2000"]
[Result "0-1"]
[WhiteElo "2446"]
[BlackElo "2700"]
[TimeControl "180+1"]
[EndTime "11:57:01 PST"]
[Termination "Vuk2000 won on time"]

1. e4 c5 2. Nf3 d6 3. d4 cxd4 4. Nxd4 Nf6 5. Nc3 g6 6. f4 Nbd7 7. Bc4 Bg7 8. O-O O-O 9. Nf3 a6 10. Bb3 Nc5 11. Qe2 Nxb3 12. axb3 Nd7 13. Be3 b5 14. Nxb5 Bb7 15. Nc3 Bxc3 16. bxc3 Bxe4 17. Bd4 Bb7 18. f5 f6 19. Rae1 Ne5 20. Bxe5 dxe5 21. fxg6 hxg6 22. Nh4 Kh7 23. Qg4 Rg8 24. Kh1 Bc8 25.
Qg3 Qd6 26. Rd1 Qc6 27. c4 Be6 28. Nf3 Qe4 29. Rde1 Qg4 30. Qf2 Rad8 31. Re3 Kg7 32. h3 Qh5 33. Ng1 Rd4 34. Ne2 Rd2 35. Ng3 Qd1 36.
Rxd1 Rxf2 37. Re2 Rf4 38. Kg1 Rh8 39. Rf1 Rxf1+ 40. Kxf1 Kf7 41. Rd2 f5 42. Rd1 e4 43.
Ra1 Bc8 44. Ne2 g5 45. b4 f4 46. b5 f3 47. Ng3 fxg2+ 48. Kxg2 Bxh3+ 49. Kf2 axb5 50. cxb5 Rc8 51. Ra2 Kg6 52. Nxe4 Bf5 53. Ng3 Bxc2 54. b6 Bb3 55. Rb2 Bd5 56. Ne2 e6 57. Nd4 Rd8 58.
Ke3 Kf6 59. Rb4 Ke5 60. Ne2 Rc8 61. Ng3 Rc3+ 62. Kf2 Rf3+ 63. Ke2 Rxg3 64. b7 Bxb7 65. Rxb7 Kf5 66. Rb5+ e5 67. Kf2 Rh3 68. Rb4 Rh2+ 69.
Kg3 Ra2 70. Rb3 Rd2 71. Ra3 Rd5 72. Rb3 e4 73. Rb2 Rd3+ 74. Kf2 Kf4 75. Rb8 Rd2+ 76. Ke1 Ra2 77. Rb3 g4 78. Rc3 g3 79. Rb3 g2 0-1

[Event "*** Titled Tuesday Blitz"]
[Site "Chess.com"]
[Date "2020.12.01"]
[Round "10"]
[White "awesomevishesh"]
[Black "CalinGheorghiu"]
[Result "0-1"]
[WhiteElo "2539"]
[BlackElo "2417"]
[TimeControl "180+1"]
[EndTime "11:57:04 PST"]
[Termination "CalinGheorghiu won by resignation"]

1. e4 c5 2. Nf3 d6 3. d4 cxd4 4. Nxd4 Nf6 5. Nc3 a6 6. g3 e5 7. Nde2 Be7 8. Bg2 O-O 9. O-O Nc6 10. h3 b5 11. Be3 Bb7 12. Nd5 Nxd5 13. exd5 Nb8 14. a4 bxa4 15. Rxa4 Nd7 16. c4 Qc7 17. Qd2 f5 18. Rc1 Bf6 19. b4 a5 20. c5 axb4 21. Rxb4 Ba6 22. cxd6 Qxd6 23. Rc6 Qe7 24. d6 Qe8 25.
Qa2+ Kh8 26. Rxa6 Rxa6 27. Qxa6 e4 28. Qa4 Qf7 29. Rb7 Rd8 30. Bd4 Qe6 31. Bxf6 Nxf6 32.
Nf4 Qxd6 33. Qb3 Rg8 34. Bf1 Qc5 35. Rb5 Qa7 36. Rb7 Qc5 37. Ne6 Qe5 38. Bc4 e3 39. Qxe3 Ne4 40. Ng5 Rf8 41. Nf7+ Rxf7 42. Rxf7 h6 43. Rf8+ Kh7 44. Rf7 Qa1+ 45. Kg2 Qd1 46.
Qf3 Qxf3+ 47. Kxf3 Nd2+ 48. Ke2 Nxc4 49. Rxf5 Nd6 50.
Rc5 Nf7 51. Rd5 Kg6 52. h4 Kf6 53. h5 Ke6 54. Ra5 Ng5 55. f4 Nf7 56. Kf3 Nd6 57.
g4 Ke7 58. Ra6 Nc4 59. Ke4 Nd6+ 60. Kd5 Ne8 61. Ra7+ Kf6 62. Ra6+ Kf7 63. Ke5 Nf6 64.
Ra7+ Kg8 65. Kf5 Kh7 66. g5 hxg5 67. Kxg5 Ne4+ 68. Kh4 Nf6 69. f5 Kh6 70. Ra6 Kh7 71. Re6 Kh6 72. Rd6 Kh7 73. Kg5 Ne4+ 74. Kf4 Nxd6 75. Ke5 Ne8 76. Ke6 Nf6 77. Kf7 Nxh5 78. Ke6 Nf6 79. Kf7 Kh6 80. Kf8 Nh5 81. Kf7 Kg5 82.
Kg8 Kxf5 83. Kh7 g5 84. Kg8 g4 85. Kh7 g3 0-1

[Event "*** Titled Tuesday Blitz"]
[Site "Chess.com"]
[Date "2020.12.01"]
[Round "10"]
[White "Forantes"]
[Black "NMZanette"]
[Result "1-0"]
[WhiteElo "2393"]
[BlackElo "2264"]
[TimeControl "180+1"]
[EndTime "11:57:08 PST"]
[Termination "Forantes won by checkmate"]

1. e4 e5 2. Nf3 Nc6 3. d4 exd4 4.
Nxd4 Nf6 5. Nc3 Bb4 6. Nxc6 bxc6 7. Bd3 d5 8. exd5 cxd5 9. O-O O-O 10. Qf3 Be7 11.
h3 Be6 12. Bg5 h6 13. Bh4 Rb8 14. Rab1 c5 15. b3 Rb4 16. Bg3 Qd7 17. Rfe1 Rd8 18. Rbd1 Qc8 19. a3 Rb6 20. Na4 Rc6 21. Bb5 Re8 22.
Bxc6 Qxc6 23. Nc3 Rd8 24. Ne2 Qa6 25. a4 d4 26. Nf4 Re8 27. Nxe6 fxe6 28. Be5 Nd5 29. Qg3 Bf8 30. Rd3 Qa5 31. Red1 Nc3 32. Rxc3 Qxc3 33. Rd3 Qe1+ 34. Kh2 Qe2 35. Rf3 Re7 36.
Bd6 Rf7 37. Rxf7 Kxf7 38. Qf4+ Kg8 39. Qxf8+ Kh7 40. Qf4 Qxc2 41. Be5 Qg6 42. Bd6 d3 43. Bxc5 e5 44. Qd2 Qe4 45. Be3 Qd5 46. b4 Qb3 47. a5 e4 48. Bxa7 g5 49. Be3 Qa4 50. Qc3 Qd7 51.
Qc5 Qf7 52. Qe5 Qb7 53. Qxe4+ Qxe4 54. a6 Qe5+ 55. g3 Qe8 56. a7 d2 57. Bxd2 Qb5 58.
Be3 Qb7 59. b5 Kg6 60. b6 h5 61. g4 hxg4 62. hxg4 Kf6 63. Kg3 Ke5 64. f4+ Ke4 65. fxg5 Kxe3 66. g6 Qf3+ 67. Kh4 Qh1+ 68. Kg5 Qd5+ 69.
Kh6 Qh1+ 70. Kg7 Qb7+ 71. Kh6 Qh1+ 72. Kg7 Qb7+ 73. Kh8 Kf4 74. g7 Kg5 75. g8=Q+ Kf6 76. Qf8+ Kg6 77. Qf5+ Kh6 78. Qh5# 1-0

[Event "*** Titled Tuesday Blitz"]
[Site "Chess.com"]
[Date "2020.12.01"]
[Round "10"]
[White "jacky72"]
[Black "AryanTari"]
[Result "0-1"]
[WhiteElo "2719"]
[BlackElo "2905"]
[TimeControl "180+1"]
[EndTime "11:57:18 PST"]
[Termination "AryanTari won by resignation"]

1. d4 Nf6 2. c4 b6 3. Nf3 Bb7 4. g3 g6 5. Bg2 Bg7 6. O-O O-O 7. b3 c5 8. d5 Nxd5 9. cxd5 Bxa1 10. Bg5 Bf6 11. Bh6 Bg7 12. Bxg7 Kxg7 13. e4 d6 14. h4 e5 15. dxe6 fxe6 16. Ng5 Qe7 17. e5 d5 18. Bh3 Bc8 19. f4 Nc6 20. h5 Bd7 21. hxg6 hxg6 22. Qg4 Nd4 23. Nd2 Rh8 24. Ndf3 Nf5 25. Nh4 Rxh4 26. gxh4 Rh8 27. Qe2 Ng3 28. Qg4 Nxf1 29. Bxf1 Qf8 30. Bd3 Qe8 31. Nf3 b5 32. h5 Rxh5 33. Nh4 Rh6 34. Kf2 Qf7 35. Kg3 c4 36.
Bc2 d4 37. Be4 d3 38. Nf3 Qe7 39. bxc4 bxc4 40. Ng5 Qc5 41. Nxe6+ Bxe6 42. Qxe6 Qe3+ 43. Bf3 Qe1+ 44. Kg2 Qh1+ 45. Kf2 Rh2+ 46. Ke3 Qe1+ 47. Kd4 Qf2+ 48. Ke4 Qc5 49. Qf6+ Kh7 50. Qf7+ Kh6 51. Qe8 Kh7 52. Qf7+ Kh6 53. Qe8 Kg7 54. Qd7+ Kf8 55.
Qd8+ Kf7 56. Qf6+ Ke8 57. Qxg6+ Kd8 58. Qf6+ Qe7 59. Qc6 Qd7 60. Qa8+ Ke7 61. Qg8 Qc6+ 62. Ke3 Qc5+ 63. Ke4 Qc6+ 64. Ke3 Qb6+ 65. Ke4 Qe6 66. Qg7+ Qf7 67. Qg5+ Ke8 68. f5 Qb7+ 69. Kf4 Qh7 70. Ke4 Qh4+ 71. Qxh4 Rxh4+ 72. Kd5 d2 73. Ke6 Rf4 74.
Bc6+ Kd8 75. Kf6 c3 76. e6 d1=Q 77. e7+ Kc7 78. e8=Q Qd6+ 79. Kg5 Qxc6 80. Qe7+ Qd7 81. Qe5+ Qd6 82. Qxc3+ Kb7 83. Qb3+ Ka6 84. Qc3 Rd4 85. Qc8+ Kb6 86. Qe8 Qf4+ 87. Kf6 Rd6+ 88. Ke7 Qe5+ 89. Kf7 Rf6+ 90. Kg7 Qxe8 91. Kxf6 Qf8+ 92. Ke5 Ka5 93. f6 Ka4 94. Ke6 Ka3 95. f7 Kxa2 0-1

[Event "*** Titled Tuesday Blitz"]
[Site "Chess.com"]
[Date "2020.12.01"]
[Round "10"]
[White "DenLaz"]
[Black "Sviridov_Valery"]
[Result "1/2-1/2"]
[WhiteElo "2805"]
[BlackElo "2921"]
[TimeControl "180+1"]
[EndTime "11:57:22 PST"]
[Termination "Game drawn by stalemate"]

1. d4 g6 2. c4 Bg7 3. Nc3 d6 4.
Nf3 e5 5. g3 exd4 6. Nxd4 Nf6 7. Bg2 O-O 8. O-O Re8 9. b3 Nbd7 10. Bb2 Nc5 11. Qc2 a5 12. Rad1 c6 13. e4 Qb6 14.
Nde2 a4 15. Nxa4 Nxa4 16. bxa4 Qb4 17. Bc3 Qa3 18. Qb3 Rxa4 19. Qxa3 Rxa3 20. Rxd6 Nxe4 21. Bxe4 Bxc3 22. Nxc3 Rxc3 23. Bd3 Bh3 24. Rb1 Re7 25.
Rd4 Kg7 26. Rh4 Rxd3 27. Rxh3 Rd2 28. Rh4 Rxa2 29. Rf4 Rd2 30. h4 h5 31. Rf3 Rd4 32. Rc3 Red7 33. Kg2 Rd2 34. Rcb3 Rc2 35. Rxb7 Rxb7 36. Rxb7 Rxc4 37. Rc7 Rc3 38. Kf1 Rc2 39. Kg2 Rc3 40. Kf1 c5 41. Ke2 Rc2+ 42. Ke3 Kf6 43. Rc6+ Kf5 44. Rc7 Ke6 45. Rc6+ Kd7 46. Rf6 Ke7 47.
Rc6 c4 48. f3 Rc3+ 49. Kf4 Kd7 50. Rf6 Ke7 51. Rc6 Rc1 52. Ke3 c3 53. Kd3 Rf1 54. Ke3 Rc1 55. Kd3 Rg1 56. Rxc3 Rxg3 57. Ke3 Kf6 58. Kf2 Rh3 59. Rc4 Rh2+ 60. Kg3 Ra2 61.
Rc6+ Kg7 62. Rc5 Ra4 63. Rd5 Ra6 64. Rd7 Re6 65. Rd4 Kf6 66. Rc4 Re5 67. Rf4+ Rf5 68. Rc4 Kg7 69. Rc6 Ra5 70. Rc3 Rd5 71. Re3 Rd4 72.
Ra3 Rb4 73. Rc3 Rb7 74. Rc5 f6 75. Rc3 Re7 76. Rc5 Re5 77. Rc7+ Kh6 78. Rc6 Kg7 79. Rc7+ Kf8 80. Rc6 Kf7 81. Rc7+ Re7 82. Rc6 g5 83. hxg5 fxg5 84. Rh6 h4+ 85. Kg4 Kg7 86. Rh5 Re5 87. f4 Ra5 88. Rxg5+ Rxg5+ 89. fxg5 Kg6 90. Kxh4 Kg7 91. Kh5 Kh7 92. Kg4 Kg6 93. Kf4 Kg7 94.
Kf5 Kf7 95. g6+ Kg7 96. Kg5 Kg8 97. Kh5 Kg7 98. Kg5 Kg8 99. Kh6 Kh8 100. g7+ Kg8 101. Kg6 1/2-1/2

[Event "*** Titled Tuesday Blitz"]
[Site "Chess.com"]
[Date "2020.12.01"]
[Round "10"]
[White "MPGM"]
[Black "Shuvalov"]
[Result "1/2-1/2"]
[WhiteElo "2642"]
[BlackElo "2453"]
[TimeControl "180+1"]
[EndTime "11:57:29 PST"]
[Termination "Game drawn by repetition"]

1. d4 d5 2. c4 c6 3. Nf3 Nf6 4. g3 Bf5 5. Nc3 e6 6. Nh4 Be4 7. f3 Bg6 8. e3 Nbd7 9. Kf2 Be7 10. b3 O-O 11. Nxg6 fxg6 12. Kg2 e5 13. cxd5 cxd5 14. Bb2 e4 15. fxe4 Nxe4 16. Nxe4 dxe4 17. Bc4+ Kh8 18.
Rf1 Nf6 19. Qe2 Nd5 20. Bxd5 Qxd5 21. Rxf8+ Rxf8 22. Rf1 Rf5 23. Qc4 Qd7 24. Rf4 Rxf4 25. exf4 Qg4 26. Qf1 e3 27. Qf3 Qe6 28. Kf1 Qa6+ 29.
Qe2 Qxa2 30. Qxe3 Qxb2 31. Qxe7 h6 32. Qe3 a5 33. Qd3 Qxh2 34. d5 Qh1+ 35. Ke2 Qg2+ 36. Kd1 Qg1+ 37. Kc2 Qc5+ 38. Kb2 Qd6 39. Qe4 b5 40. Qd3 b4 41. Qb5 Qf6+ 42. Ka2 Qc3 43. Qe2 Qd4 44. Qg2 Qd3 45. Kb2 a4 46. bxa4 Qa3+ 47.
Kb1 Qxa4 48. Qd2 Qb3+ 49. Kc1 Qa3+ 50. Kb1 Qb3+ 51. Kc1 Qc4+ 52. Kd1 b3 53. d6 Qf1+ 54. Qe1 Qd3+ 55. Qd2 Qf1+ 56. Qe1 Qf3+ 57. Qe2 Qxe2+ 58. Kxe2 b2 59. d7 b1=Q 60. d8=Q+ Kh7 61. Kf3 Qh1+ 62. Kf2 Qh2+ 63. Kf3 h5 64. Qg5 Qh1+ 65. Kf2 Qh2+ 66.
Kf3 Qh3 67. Kf2 Qf5 68. Qe7 Qf6 69. Qe3 Qb2+ 70. Kg1 Qf6 71. Kg2 Qf5 72. Qf3 Kh6 73. Qe3 g5 74. Qb6+ Kh7 75. fxg5 Qxg5 76. Qf2 Qg4 77.
Kh2 Qg5 78. Qe1 Qg6 79. Qf2 Qf6 80. Qe2 Kh6 81. Qe1 g5 82. Qe2 Qd6 83. Kg2 Qf6 84. Kh2 h4 85. gxh4 Qf4+ 86. Kg2 gxh4 87. Qe6+ Kg5 88.
Qg8+ Kh5 89. Qh7+ Kg5 90. Qg7+ Kh5 91. Qh8+ Kg4 92. Qg8+ Qg5 93. Qe6+ Kh5+ 94. Kh1 Qc1+ 95. Kh2 Qd2+ 96. Kh1 Qc1+ 97. Kh2 Qd2+ 98. Kh1 Qc1+ 1/2-1/2

[Event "*** Titled Tuesday Blitz"]
[Site "Chess.com"]
[Date "2020.12.01"]
[Round "10"]
[White "barriochess"]
[Black "esrosenberg"]
[Result "1/2-1/2"]
[WhiteElo "2363"]
[BlackElo "2218"]
[TimeControl "180+1"]
[EndTime "11:57:36 PST"]
[Termination "Game drawn - insufficient material"]

1. d4 Nf6 2. c4 e6 3. Nc3 Bb4 4. f3 d5 5. a3 Bxc3+ 6. bxc3 c5 7. cxd5 Nxd5 8. dxc5 f5 9. Nh3 Nc6 10. c4 Nf6 11. Qxd8+ Nxd8 12. Bf4 O-O 13. Bd6 Re8 14. e3 e5 15. Be2 Nf7 16. Nf2 Be6 17. Rd1 Rac8 18.
Rc1 b6 19. Nd3 Nxd6 20. cxd6 Bxc4 21. Nxe5 Rxe5 22. Bxc4+ Kf8 23. Kd2 Rd8 24. Ke2 Rxd6 25. Rhd1 Rxd1 26. Rxd1 Ke7 27. Kd3 Ra5 28. Ra1 Nd7 29. Kc3 Ne5 30. Bb3 g5 31. h3 h5 32. f4 gxf4 33. exf4 Ng6 34. Rf1 Nh4 35.
g3 Ng6 36. a4 Rc5+ 37. Kd4 Kf6 38. h4 Ne7 39. Re1 Nc6+ 40. Kd3 Nb4+ 41. Kd2 Rc6 42. Re8 Na6 43. Rf8+ Kg6 44. Bc2 Rc5 45. Rg8+ Kf6 46. Rg5 Nb4 47. Bd1 Rd5+ 48. Ke1 Nd3+ 49. Ke2 Nc1+ 50.
Ke1 Nd3+ 51. Kf1 Nxf4 52. Bf3 Rd3 53. Bxh5 Nxh5 54. Rxh5 Rxg3 55. Rh7 a5 56. Rh6+ Rg6 57. Rh8 Ke5 58. h5 Rg5 59. h6 Rh5 60. Kf2 Kf4 61. h7 Rh2+ 62. Ke1 Rh6 63. Kd2 Kf3 64. Rf8 Rxh7 65.
Rxf5+ Ke4 66. Rb5 Rh6 67. Kc3 Rc6+ 68. Kb3 Kd4 69. Rh5 Rc3+ 70. Kb2 Rc5 71. Rh6 b5 72. axb5 Rxb5+ 73. Ka3 Kc4 74. Rh4+ Kc5 75. Rh5+ Kb6 76. Rh6+ Ka7 77. Ka4 Rb6 78. Rh7+ Ka6 79. Rh8 Rb4+ 80. Ka3 Rb6 81. Ra8+ Kb5 82. Rh8 Ka6 83. Rh5 Rb5 84. Rh6+ Rb6 85. Rh4 Rb4 86. Rh8 Rb7 87. Rh3 Rb5 88. Rh8 Rb7 89. Ra8+ Kb5 90.
Rc8 Rb6 91. Ra8 Rb7 92. Rc8 Ka6 93. Rc6+ Rb6 94. Rxb6+ Kxb6 95. Ka4 Ka6 96. Ka3 Kb5 97. Kb3 a4+ 98. Ka2 Ka5 99. Kb2 Kb4 100. Ka2 a3 101. Ka1 Kb3 102. Kb1 Kc3 103. Ka1 Kb4 104. Kb1 Kb3 105. Ka1 Ka4 106. Kb1 Kb3 107. Ka1 Kc2 108. Ka2 Kc3 109. Kxa3 1/2-1/2

[Event "*** Titled Tuesday Blitz"]
[Site "Chess.com"]
[Date "2020.12.01"]
[Round "10"]
[White "PlotnikovPavel"]
[Black "TC2304"]
[Result "1-0"]
[WhiteElo "2484"]
[BlackElo "2349"]
[TimeControl "180+1"]
[EndTime "11:57:46 PST"]
[Termination "PlotnikovPavel won on time"]

1. e4 c5 2. Nc3 a6 3. Nge2 d6 4. d4 cxd4 5. Nxd4 Nf6 6. Be3 e5 7.
Nf3 Be7 8. Be2 O-O 9. O-O Be6 10. Bg5 Nbd7 11. Qd2 h6 12. Bh4 Rc8 13. Rad1 b5 14. a3 Re8 15. Qc1 Rxc3 16. bxc3 Nxe4 17. Bxe7 Qxe7 18. Qe3 Ndf6 19. a4 bxa4 20. Bxa6 Qc7 21. Ra1 Nxc3 22. Ra3 Nfd5 23. Qd2 Qc5 24. Rfa1 Rb8 25.
Qc1 Nf4 26. Qe1 Nfd5 27. Nd2 Bg4 28. Ne4 Nxe4 29. Qxe4 f5 30. Qxa4 Nf4 31. Rb3 Rf8 32. Qc4+ Qxc4 33. Bxc4+ d5 34. Bf1 Rc8 35. Rc1 d4 36. g3 Ne2+ 37. Bxe2 Bxe2 38. f3 d3 39. Rbb1 d2 40. Rd1 Bxd1 41. Rxd1 Rxc2 42. Kf2 Kf7 43. Ke3 Ke6 44. Kd3 Ra2 45. Rb1 Ra3+ 46. Ke2 Ra2 47. Rb6+ Kf7 48. Rb7+ Kg6 49. h3 d1=Q+ 50.
Kxd1 Rh2 51. h4 Rg2 52. Rb6+ Kh7 53. Ke1 Rxg3 54. Kf2 Rg6 55. Rb5 Re6 56. Ke3 Kg6 57. Rb4 Kf6 58. Ra4 g5 59. hxg5+ hxg5 60. Ra8 Rb6 61. Rf8+ Ke6 62. Rg8 Rb3+ 63. Kf2 Kf6 64. Rf8+ Kg6 65. Rg8+ Kh6 66. Rh8+ Kg7 67. Rh1 f4 68.
Re1 Rb2+ 69. Kf1 Kf6 70. Ra1 Kf5 71. Ra5 Rc2 72. Rb5 Rd2 73. Rc5 Rd3 74. Rb5 Re3 75.
Kf2 Rc3 76. Rb8 Rc2+ 77. Kf1 e4 78. Rf8+ Ke5 79. Re8+ Kf5 80. Rxe4 g4 81. Ra4 g3 82.
Ra5+ Kf6 83. Ra3 Rf2+ 84. Kg1 Kg5 85. Ra5+ Kh4 86. Ra3 Rb2 87. Ra8 Kg5 88. Rg8+ Kf5 89. Rf8+ Ke5 90. Re8+ Kf6 91. Re4 Kf5 92. Rd4 Rf2 93.
Rd3 Ke5 94. Rc3 Kf5 95. Ra3 Kg5 96. Rb3 Kh4 97. Ra3 1-0

[Event "*** Titled Tuesday Blitz"]
[Site "Chess.com"]
[Date "2020.12.01"]
[Round "10"]
[White "annacramling"]
[Black "Deepweb2020"]
[Result "1-0"]
[WhiteElo "2121"]
[BlackElo "2251"]
[TimeControl "180+1"]
[EndTime "11:58:04 PST"]
[Termination "annacramling won by checkmate"]

1. d4 Nf6 2. c4 e6 3. Nc3 Bb4 4. Qc2 d5 5. cxd5 exd5 6. Bg5 h6 7. Bh4 c5 8. e3 g5 9. Bg3 Qa5 10. dxc5 Ne4 11. Rc1 Qxa2 12. Bxb8 Bxc3+ 13. bxc3 Qxc2 14. Rxc2 Rxb8 15. c4 dxc4 16. Rxc4 f5 17. f3 Be6 18.
fxe4 Bxc4 19. Bxc4 fxe4 20. Ne2 Rf8 21. Nd4 Rf6 22. Nb5 a6 23. Nd6+ Kd7 24. Nxe4 Rf5 25. Ke2 b5 26. cxb6 Rxb6 27. Rd1+ Ke7 28. Nc3 Rc6 29.
Nd5+ Ke8 30. e4 Rf7 31. Bb3 Rb7 32. Ba4 Rb5 33. Bxb5 axb5 34. Rb1 Rc2+ 35. Kf3 Rc5 36. Rxb5 Rc1 37. Nf6+ Kf7 38. Ng4 h5 39. Ne5+ Ke6 40. Nd3 Rc3 41. Ke2 Rc2+ 42. Kd1 Rxg2 43. e5 Rxh2 44.
Rb6+ Ke7 45. e6 g4 46. Ne5 g3 47. Ng6+ Kf6 48. e7+ Kf7 49. Rb7 g2 50. Ne5+ Ke8 51. Nf3 Rh1+ 52. Ke2 g1=Q 53. Nxg1 Rxg1 54. Kf2 Ra1 55. Kg3 Ra2 56. Kh4 Ra5 57. Rc7 Re5 58. Rb7 Ra5 59. Rc7 Kf7 60. e8=Q+ Kxe8 61. Rh7 Ra4+ 62.
Kg5 Ra5+ 63. Kh4 Kf8 64. Rxh5 Ra4+ 65. Kg3 Kf7 66. Rf5+ Kg6 67. Rf4 Ra3+ 68. Kg4 Ra1 69. Rd4 Rg1+ 70. Kf3 Rf1+ 71. Ke2 Ra1 72. Ke3 Kf5 73. Ke2 Ke5 74. Rb4 Ra2+ 75. Ke3 Rh2 76. Rb5+ Kd6 77. Ke4 Kc6 78. Rf5 Ra2 79. Kd4 Ra4+ 80.
Kc3 Ra3+ 81. Kc4 Rh3 82. Rf6+ Kd7 83. Kc5 Ke7 84. Ra6 Rc3+ 85. Kd5 Rh3 86. Ke5 Rh5+ 87.
Ke4 Rh4+ 88. Ke5 Rh3 89. Ra7+ Kd8 90. Ke6 Kc8 91. Kd6 Rh5 92. Kc6 Rh6+ 93. Kc5 Kb8 94. Rf7 Rh5+ 95. Kb6 Rh6+ 96. Kb5 Rh1 97. Kb6 Rb1+ 98.
Kc6 Kc8 99. Rf8# 1-0

[Event "*** Titled Tuesday Blitz"]
[Site "Chess.com"]
[Date "2020.12.01"]
[Round "10"]
[White "MaxLeto"]
[Black "vwnv7"]
[Result "1/2-1/2"]
[WhiteElo "2373"]
[BlackElo "2412"]
[TimeControl "180+1"]
[EndTime "11:58:10 PST"]
[Termination "Game drawn - insufficient material"]

1. e4 c5 2. Nf3 Nc6 3. d4 cxd4 4. Nxd4 Nf6 5. Nc3 d6 6. Bg5 e6 7. Qd2 a6 8. O-O-O Bd7 9. f3 Be7 10. h4 b5 11. Kb1 Nxd4 12. Qxd4 Rc8 13. h5 h6 14. Bh4 Qc7 15. g4 d5 16. exd5 Nxd5 17. Bxe7 Nxc3+ 18. bxc3 Kxe7 19. Qb4+ Qc5 20. Bd3 Rc7 21.
Be4 Rhc8 22. Rd4 Qxb4+ 23. cxb4 Bc6 24. Rh2 Bxe4 25. Rxe4 Rc3 26. Rf2 Rd8 27. Kb2 Rc6 28.
Rfe2 Rd1 29. R4e3 Rc4 30. a3 Rdd4 31. Rd3 Rxd3 32. cxd3 Rf4 33. Re3 Kd6 34. Kc3 Kd5 35. Kd2 e5 36. Ke2 f6 37. Kd2 f5 38. gxf5 Rxf5 39.
Re4 Rxh5 40. Rg4 g5 41. Ke3 Rh2 42. d4 Ra2 43. dxe5 Rxa3+ 44. Kf2 Kxe5 45. Re4+ Kf5 46. Re8 Rb3 47. Rf8+ Kg6 48. Rg8+ Kh5 49. Ra8 Rxb4 50. Rxa6 Ra4 51. Rb6 Rb4 52. Kg3 Rb2 53. Rc6 b4 54. Rb6 b3 55. f4 gxf4+ 56. Kxf4 Rb1 57. Kg3 b2 58. Kg2 Kg5 59. Rb5+ Kf4 60. Rb4+ Ke3 61. Rb3+ Kd2 62. Rb8 h5 63. Rd8+ Kc3 64. Rc8+ Kd4 65. Rd8+ Kc5 66. Rb8 Kc6 67. Kh2 Kc7 68. Rb3 Kc6 69.
Kg2 Kc5 70. Rb8 h4 71. Kh2 Kc4 72. Rc8+ Kd3 73. Rd8+ Ke4 74. Re8+ Kf5 75. Rf8+ Kg6 76. Rg8+ Kh7 77. Rb8 h3 78. Rb6 Kg7 79. Rb7+ Kf6 80. Rb6+ Ke5 81. Rb5+ Kd4 82. Rb8 Kc3 83. Rc8+ Kb4 84.
Rb8+ Kc5 85. Rc8+ Kb6 86. Rb8+ Kc7 87. Rb3 Rc1 88. Rxb2 Rc3 89. Rf2 Kd6 90. Rf4 Ke5 91. Rh4 Kf5 92. Rh8 Kg4 93. Rg8+ Kf3 94. Rf8+ Ke2 95.
Re8+ Re3 96. Rf8 Rf3 97. Rg8 Kf2 98. Rh8 Kf1 99. Rg8 Kf2 100. Rg1 Ke2 101. Ra1 Ke3 102. Ra3+ Kf4 103. Ra4+ Kf5 104. Ra5+ Kg4 105. Ra8 Rf4 106. Rg8+ Kf3 107. Rg3+ Ke4 108. Kxh3 Rf3 109. Rxf3 Kxf3 1/2-1/2

[Event "*** Titled Tuesday Blitz"]
[Site "Chess.com"]
[Date "2020.12.01"]
[Round "11"]
[White "Nikolaj_6"]
[Black "Supernotar"]
[Result "1/2-1/2"]
[WhiteElo "2651"]
[BlackElo "2781"]
[TimeControl "180+1"]
[EndTime "12:00:31 PST"]
[Termination "Game drawn by repetition"]

1. e4 c6 2. d4 d5 3. Nc3 dxe4 4. Nxe4 Bf5 5. Ng3 Bg6 6. h4 h6 7. Nf3 Nd7 8. h5 Bh7 9. Bd3 Bxd3 10. Qxd3 e6 11. Bd2 Ngf6 12. O-O-O Be7 13. Kb1 O-O 14. Ne4 Nxe4 15. Qxe4 Nf6 16. Qe2 Qd5 17. c4 Qe4+ 18.
Qxe4 Nxe4 19. Be3 f5 20. g3 Bg5 21. Rhg1 Bxe3 22. fxe3 Nf6 23. Rh1 Ne4 24. Rhg1 Nf6 25. Rh1 Ne4 26. Rhg1 1/2-1/2